Map: Orbital Shipyard

Players

Snarf

  • Race: Protoss Protoss
  • League: Bronze

iZrg - Winner!

  • Race: Zerg Zerg
  • League: Bronze

VOD

Have the link to the VOD?

Description

Time

  • Played on: Sept. 19, 2015, 10:30 a.m.
  • Length: 9:04
Show
View Real Time Build Order
Export as new Build Order

Snarf Protoss 

Build Orders:  

Get SALT Encoding   

  12  0:00  Probe (Chrono Boost)  
  13  0:10  Probe (Chrono Boost)  
  14  0:22  Pylon  
  14  0:23  Probe (Chrono Boost)  
  15  0:39  Probe (Chrono Boost)  
  15  0:40  Gateway  
  16  0:45  Assimilator  
  16  0:49  Probe (Chrono Boost)  
  17  0:59  Probe (Chrono Boost)  
  18  1:11  Gateway  
  18  1:19  Assimilator  
  18  1:22  Probe (Chrono Boost)  
  19  1:32  Probe (Chrono Boost)  
  20  1:39  Zealot  
  22  1:41  Cybernetics Core  
  22  1:42  Probe (Chrono Boost)  
  23  1:48  Pylon  
  23  2:05  Probe (Chrono Boost)  
  24  2:15  Probe (Chrono Boost)  
  24  2:18  Adept x2  
  24  2:19  Warp Gate  
  29  2:25  Mothership Core (Chrono Boost)  
  31  2:47  Nexus  
  31  3:05  Pylon  
  31  3:10  Pylon  
  31  3:22  Probe (Chrono Boost)  
  32  3:32  Probe (Chrono Boost)  
  32  3:34  Robotics Facility  
  33  3:38  Forge  
  33  3:42  Probe (Chrono Boost)  
  34  3:52  Probe (Chrono Boost)  
  35  4:06  Probe x2 (Chrono Boost)  
  37  4:11  Protoss Shields Level 1 (Chrono Boost)  
  37  4:15  Probe (Chrono Boost)  
  37  4:16  Probe (Chrono Boost)  
  35  4:25  Probe  
  35  4:27  Sentry x2  
  35  4:28  Probe  
  41  4:33  Pylon  
  41  4:34  Probe  
  41  4:37  Observer  
  43  4:40  Probe  
  43  4:42  Gateway  
  44  4:47  Pylon  
  44  4:51  Zealot x2  
  48  4:57  Probe  
  49  5:02  Assimilator  
  49  5:05  Probe  
  49  5:06  Assimilator  
  50  5:09  Pylon  
  50  5:15  Gateway  
  50  5:21  Gateway  
  50  5:22  Gateway  
  50  5:24  Stalker  
  50  5:26  Stalker  
  58  5:36  Warp Prism  
  56  5:49  Sentry x3  
  62  6:12  Immortal  
  62  6:17  Robotics Facility  
  66  6:18  Probe  
  66  6:20  Probe  
  68  6:26  Pylon  
  68  6:28  Probe  
  68  6:31  Robotics Bay  
  68  6:32  Probe, Zealot x3  
  75  6:38  Probe  
  76  6:45  Probe  
  78  6:49  Immortal (Chrono Boost)  
  82  6:55  Protoss Ground Weapons Level 1  
  82  7:02  Twilight Council  
  82  7:04  Adept x2  
  82  7:05  Adept x2  
  90  7:23  Immortal (Chrono Boost)  
  94  7:51  Nexus  
  94  7:54  Pylon  
  94  7:56  Pylon  
  94  7:58  Pylon  
  94  8:02  Assimilator  
  94  8:04  Zealot  
  94  8:07  Assimilator  
  77  8:29  Zealot  
  77  8:30  Zealot x5  
  59  8:53  Zealot x3  
  59  8:54  Sentry  
  59  8:55  Sentry x2  
Show
View Real Time Build Order
Export as new Build Order

iZrg Zerg - Winner!

Build Orders: Hatch First 

Get SALT Encoding   

  12  0:01  Drone  
  13  0:09  Drone  
  14  0:17  Overlord  
  14  0:22  Extractor  
  14  0:23  Drone  
  15  0:35  Drone x2  
  17  0:52  Hatchery  
  17  0:54  Drone  
  17  1:00  Drone  
  18  1:07  Drone  
  19  1:16  Spawning Pool  
  18  1:18  Drone  
  19  1:31  Overlord  
  19  1:41  Extractor  
  19  1:42  Drone  
  19  1:49  Drone  
  20  2:06  Queen  
  20  2:07  Queen  
  24  2:08  Overlord  
  24  2:13  Zergling x4  
  26  2:18  Drone  
  26  2:22  Drone  
  28  2:34  Drone x2  
  30  2:39  Drone  
  31  2:47  Metabolic Boost  
  31  2:52  Queen  
  31  2:54  Drone x2  
  31  2:55  Drone  
  31  2:57  Extractor  
  35  2:59  Extractor  
  34  3:09  Drone x2  
  35  3:23  Drone  
  35  3:24  Drone x7  
  35  3:25  Overlord x2  
  42  3:46  Zergling x6  
  44  4:00  Zergling x2  
  44  4:01  Zergling x12  
  44  4:21  Lair  
  44  4:26  Drone  
  44  4:27  Drone x6  
  44  4:31  Hatchery  
  50  4:48  Evolution Chamber x2, Drone x2  
  50  4:49  Drone x2  
  50  4:52  Overlord  
  52  4:54  Overlord  
  52  5:20  Zerg Ground Armor Level 1, Zerg Melee Weapons Level 1  
  52  5:23  Drone x7  
  52  5:26  Roach Warren  
  52  5:27  Drone  
  52  5:28  Drone  
  60  5:30  Drone  
  61  5:40  Spore Crawler  
  61  5:42  Spore Crawler  
  59  5:48  Drone x4  
  59  5:49  Drone x3  
  66  6:03  Overlord  
  66  6:04  Overlord x2  
  66  6:09  Roach  
  66  6:10  Roach x3  
  74  6:14  Overlord x2  
  74  6:35  Ravager  
  74  6:36  Ravager x3  
  74  6:38  Glial Reconstitution  
  74  6:39  Roach  
  84  6:40  Roach x4  
  84  6:43  Zergling x18  
  84  6:44  Zergling x2  
  98  7:05  Drone x4  
  102  7:09  Drone x2, Queen  
  102  7:10  Drone, Overlord x2  
  107  7:19  Ravager x5  
  107  7:21  Overlord x2  
  112  7:33  Roach  
  112  7:34  Roach x4  
  121  7:41  Drone  
  121  7:43  Extractor  
  121  7:45  Extractor  
  120  7:56  Zergling x16  
  128  8:11  Hatchery  
  112  8:32  Roach x3  
  112  8:33  Roach, Zergling x14  
  112  8:34  Zergling x6  
  119  8:38  Ravager x2  
  119  8:39  Ravager  
Tags
 
Add a new tag
Caveats
  • Supply blocks, unpowered buildings, or Contaminate may cause inaccurate times.
  • Supply counts are checked every 10 seconds.